Unix NetHack Version 5.0.0-0 post-release - last build May 23 2026 06:08:33 (1c0ff79ee797540d5714e4e18072db0edd9e58ae,branch:main).

Game began 2026-05-29 15:00:49, ended 2026-05-29 15:42:41.

Atomicjoy, chaotic male elven Wizard

                       ---------------------------------
                       |..............).................
                       |..-----..--+----.-----    ---- |
                      #|..|(((|..|  |..- |***|
                     ##...|((/|..|  |..|@|*(*|
         ...          #|..| ..|.----|---h-*)*|
        ...|          #|..---|-.|//.-...%|).*|
        .<..###########|........|   |....|----
        ----          #|.-----..-----.-+--
                       |.|%%.-.....%..|
                       |.|%..|....--|-|
                       |.-----.---|...|
                       |.    ..|  |...|
                       |.   ...+  |...|
                       |. .....-  -----
                       |.......
                       ---------

Atomicjoy the Conjurer    St:11 Dx:11 Co:15 In:19 Wi:11 Ch:9  Chaotic
Dlvl:5  $:45 HP:0(33) Pw:6(21) AC:1  Xp:3/63 T:1533  Burdened

Latest messages:
 The jackal misses!
 You see here a jackal corpse.
 The jackal misses!
 You have trouble lifting a jackal corpse.  Continue? [ynq] (q) y
 You have trouble lifting M - a jackal corpse.
 You rebalance your load.  Movement is difficult.
 The jackal bites!
 The dwarf thrusts her crude dagger.
 The dwarf misses!
 You experience a sense of peace.
 You see here 47 rocks.
 There is an altar to Anhur (chaotic) here.
 There are many objects here.
 There is an uncursed jackal corpse here; sacrifice it? [ynq] (n) n
 There is a dwarf corpse here; sacrifice it? [ynq] (n) n
 What do you want to sacrifice? [M or ?*] M
 Your sacrifice is consumed in a burst of flame!
 You have a hopeful feeling.
 Your movements are only slowed slightly by your load.
 You see here 47 rocks.
 The dwarf thrusts her crude dagger.
 The dwarf hits!
 You see here 47 rocks.
 You don't have enough energy to cast that spell.
 In what direction? 4
 The spell misses the jackal.
 The jackal bites!
 The dwarf thrusts her crude dagger.
 The dwarf hits!
 You see here 47 rocks.
 You see here an arrow.
 You feel wise!
 You must have been very observant.
 You see here 47 rocks.
 You see here 38 rocks.
 You see here 47 rocks.
 You see here 38 rocks.
 The dwarf wields a bow!
 You see here 47 rocks.
 The dwarf wields a crude dagger!
 You see here 47 rocks.
 The dwarf thrusts her crude dagger.
 The dwarf hits!
 In what direction? 2
 The spell hits the dwarf!
 The dwarf resists!
 The dwarf thrusts her crude dagger.
 The dwarf hits!
 You die...
 Do you want your possessions identified? [ynq] (y) q

Inventory:
 Coins    ('$')
  $ - 45 gold pieces
 Amulets  ('"')
  m - a cursed amulet of life saving
  t - an uncursed amulet of reflection
 Weapons  (')')
  W - 6 +0 arrows
  N - 3 +0 crossbow bolts
  T - 10 +0 darts
  P - 11 +0 daggers
  q - 2 +0 orcish daggers
  a - a blessed +1 quarterstaff (weapon in hands)
 Armor    ('[')
  u - a cursed +0 dwarvish iron helm
  F - a blessed corroded +1 helmet (being worn)
  U - an uncursed +0 pair of iron shoes
  y - a cursed -4 pair of iron shoes
  I - an uncursed +0 pair of kicking boots
  v - a cursed +0 pair of kicking boots
  Z - a cursed +0 pair of speed boots (being worn)
  b - an uncursed +0 cloak of magic resistance (being worn)
  O - an uncursed +0 dwarvish cloak
  V - an uncursed +0 dwarvish cloak
  z - a cursed +0 robe
 Comestibles  ('%')
  B - an uncursed food ration
  A - 7 cursed food rations
  H - an uncursed fortune cookie
  w - an uncursed tripe ration
  C - 2 cursed tripe rations
  x - an uncursed egg
 Scrolls  ('?')
  Y - a blessed scroll of blank paper
  l - 2 uncursed scrolls of blank paper
  X - 2 cursed scrolls of confuse monster
  R - a cursed scroll of create monster
  L - a cursed scroll of earth
  S - an uncursed scroll of enchant armor
  j - an uncursed scroll of enchant weapon
  k - 2 uncursed scrolls of food detection
  J - a cursed scroll of gold detection
  r - 2 uncursed scrolls of identify
  p - an uncursed scroll of light
  G - a cursed scroll of magic mapping
  Q - a cursed scroll of punishment
  i - an uncursed scroll of scare monster
 Potions  ('!')
  E - an uncursed potion of gain ability
  s - 2 uncursed potions of healing
  h - an uncursed potion of levitation
  g - an uncursed potion of monster detection
  f - an uncursed potion of speed
 Rings    ('=')
  d - an uncursed ring of cold resistance
  e - a blessed +1 ring of gain strength
 Wands    ('/')
  c - a wand of speed monster (0:6)
 Tools    ('(')
  o - an uncursed wooden flute
  n - a magic marker (0:22)
  K - an uncursed oil lamp
  D - an uncursed towel

Atomicjoy the Wizard's attributes:

Background:
 You were a Conjurer, a level 3 male elven Wizard.
 You were chaotic, on a mission for Anhur
 who was opposed by Ptah (lawful) and Thoth (neutral).
 You were left-handed.
 You were in the Gnomish Mines, on level 5.
 You entered the dungeon 1533 turns ago.
 You had 63 experience points, 17 more were needed to attain level 4.

Basics:
 You had 0 out of 33 hit points.
 You had 6 out of 21 energy points (spell power).
 Your armor class was 1.
 Your wallet contained 45 zorkmids.
 Autopickup was off.

Final Characteristics:
 Your strength was 11 (limit:18).
 Your dexterity was 11 (limit:18).
 Your constitution was 15 (limit:16).
 Your intelligence was 19 (limit:20).
 Your wisdom was 11 (limit:20).
 Your charisma was 9 (limit:18).

Final Status:
 You weren't hungry.
 You were burdened; movement was slightly slowed.
 You were wielding a quarterstaff.
 You had basic skill with quarterstaff.

Final Attributes:
 You were devoutly aligned.
 You were magic-protected.
 You had infravision.
 You had a moderate defense bonus (+6).
 You were warded.
 You were very fast.
 You are dead.

Miscellaneous:
 You encountered 1 bones level.
 Total elapsed playing time was 41 minutes and 51 seconds.

Major events:
 Turn
    1: Atomicjoy the chaotic male elven Wizard entered the dungeon
  308: entered the Gnomish Mines
 1221: reached Mine Town
 1324: attained the rank of Conjurer (level 3)
 1533: killed by a dwarf

Spells:
 Name                 Level Category     Fail Retention
 force bolt             1   attack         0%  91%-100%
 haste self             3   escape        81%  76%-100%
 magic missile          2   attack         0%  91%-100%
 jumping                1   escape         0%  76%-100%

Skills:
 Fighting Skills
   bare handed combat [Unskilled]
   riding             [Unskilled]
 Weapon Skills
   dagger             [Unskilled]
   knife              [Unskilled]
   axe                [Unskilled]
   short sword        [Unskilled]
   club               [Unskilled]
   mace               [Unskilled]
   quarterstaff       [Basic]
   polearms           [Unskilled]
   spear              [Unskilled]
   trident            [Unskilled]
   sling              [Unskilled]
   dart               [Unskilled]
   shuriken           [Unskilled]
 Spellcasting Skills
   attack spells      [Basic]
   healing spells     [Unskilled]
   divination spells  [Unskilled]
   enchantment spells [Basic]
   clerical spells    [Unskilled]
   escape spells      [Unskilled]
   matter spells      [Unskilled]

Voluntary challenges:
 Character rerolling was not enabled.
 You never genocided any monsters.
 You never polymorphed an object.
 You never changed form.
 You used no wishes.
Achievements:
 You entered a shop.
 You entered the Gnomish Mines.
 You entered Minetown.
 You entered a temple.
 You attained the rank of Conjurer.

 The Dungeons of Doom: levels 1 to 2
    Level 1:
    Level 2:
       A general store, an altar.
       Stairs down to The Gnomish Mines.
 The Gnomish Mines: levels 3 to 5
    Level 3:
    Level 4:
    Level 5: <- You were here.
       A temple and an altar to Anhur.
       Final resting place for
          you, killed by a dwarf,
          pakka-Val-Dwa-Fem-Law, killed by a priest of Loki, while paralyzed by a monster.


Vanquished creatures:
  a gnome leader
  2 dwarves
  9 gnomes
  4 jackals
  a fox
  3 kobolds
  5 goblins
  a sewer rat
  a lichen
  a kobold zombie
  7 newts
35 creatures vanquished.

No species were genocided or became extinct.

Game over:
                       ----------
                      /          \
                     /    REST    \
                    /      IN      \
                   /     PEACE      \
                  /                  \
                  |    Atomicjoy     |
                  |      45 Au       |
                  |   killed by a    |
                  |      dwarf       |
                  |                  |
                  |                  |
                  |       2026       |
                 *|     *  *  *      | *
        _________)/\\_//(\/(/\)/\//\/|_)_______

Goodbye Atomicjoy the Wizard...

You died in The Gnomish Mines on dungeon level 5 with 503 points,
and 45 pieces of gold, after 1533 moves.
You were level 3 with a maximum of 33 hit points when you died.

